 Dungeon Crawl Stone Soup version 0.32-a0-705-g60f233581c (webtiles) character file.

Game seed: 4674434520427690738

1220 jasper the Cleaver (level 8, -9/62 HPs)
             Began as a Coglin Berserker on Mar 14, 2024.
             Was a Priest of Trog.
             Mangled by a gnoll
             ... wielding a +0 whip of electrocution
             ... led by a gnoll sergeant
              (15 damage)
             ... on level 6 of the Dungeon.
             The game lasted 00:08:03 (5297 turns).

jasper the Cleaver (Coglin Berserker)               Turns: 5297, Time: 00:08:03

Health: -9/62      AC: 12    Str: 20    XL:     8   Next: 47%
Magic:  8/8        EV:  8    Int:  7    God:    Trog [***...]
Gold:   228        SH:  0    Dex: 13    Spells: 7/7 levels left

rFire   . . .        a - +0 hand axe {Ashmeen}
rCold   . . .        v - +0 hand axe {Cenhelm}
rNeg    . . .        t - +0 chain mail
rPois   .            o - +1 helmet
rElec   .            (no cloak)
rCorr   .            (no gloves)
SInv    .            p - +0 pair of boots
Will    .....        (amulet unavailable) Stlth
                     (ring unavailable)
HPRegen 0.30/turn    (ring unavailable)
MPRegen 0.11/turn    (no gizmo)

%: no passive effects
@: revving
A: off-hand wielding, slow wielding, warmup strikes, no jewellery
a: Invent Gizmo, Renounce Religion, Berserk, Trog's Hand


You were on level 6 of the Dungeon.
You worshipped Trog.
Trog was most pleased with you.
You visited 1 branch of the dungeon, and saw 6 of its levels.

You collected 344 gold pieces.
You spent 116 gold pieces at shops.

Inventory:

Hand Weapons
 a - a +0 hand axe (weapon) {Ashmeen}
 c - a +0 dagger {Beli-Ashared}
 g - a +4 dagger of electrocution {Chinhae}
 v - a +0 hand axe (offhand) {Cenhelm}
Missiles
 s - a throwing net
 u - 41 stones
 y - 6 boomerangs (quivered)
Armour
 b - a +0 animal skin
 f - a +0 ring mail
 n - an orb of wrath
 o - a +1 helmet (worn)
 p - a +0 pair of boots (worn)
 t - a +0 chain mail (worn)
Wands
 d - a wand of mindburst (15)
 l - a wand of charming (21)
 B - a wand of warping (2)
Scrolls
 q - 2 scrolls of teleportation
Potions
 e - a potion of haste
 i - a potion of attraction
 j - 2 potions of degeneration {unknown}
 k - a potion of mutation {unknown}
 m - 2 potions of heal wounds {unknown}
 r - 2 potions of lignification {unknown}
 w - 2 potions of brilliance {unknown}
 x - a potion of cancellation {unknown}
 z - 3 potions of might {unknown}
 A - a potion of berserk rage {unknown}


   Skills:
 + Level 5.2 Fighting
 * Level 8.2 Axes
 + Level 4.2 Armour
 - Level 2.4 Dodging


You had 7 spell levels left.
You didn't know any spells.
Your spell library was empty.

Dungeon Overview and Level Annotations

Branches:
Dungeon (6/15)
 Temple: D:4-7

Altars:
Cheibriados
Dithmenos
Hepliaklqana
Ru
Xom

Shops:
D:2 [


Innate Abilities, Weirdness & Mutations

You can wield a second weapon in your off-hand.
It takes a long time for you to wield or remove held weapons.
Your first few attacks do less damage.
You cannot equip rings or amulets.


Message History

The gnoll hits you but does no damage.
You are poisoned.
You take 4 damage, and have 50/62 hp.
You hit the gnoll with your +0 hand axe.
The gnoll is heavily wounded.
You hit the gnoll sergeant with your +0 hand axe.
You hit the gnoll with your +0 hand axe. x2
You completely miss the gnoll with your +0 hand axe.
You closely miss the gnoll with your +0 hand axe.
You hit the gnoll with your +0 hand axe.
You hit the gnoll but do no damage.
You hit the gnoll with your +0 hand axe.
You kill the gnoll!
Trog accepts your kill.
You hit the gnoll sergeant but do no damage.
You feel very sick. The gnoll barely misses you.
The gnoll hits you but does no damage.
You are electrocuted!!
The gnoll sergeant hits you with a +0 spear!
The gnoll hits you with a +1 whip of venom.
* * * LOW HITPOINT WARNING * * *
You are more poisoned.
You take 34 damage, and have 16/62 hp.
MASSIVE DAMAGE!!
You feel better. The gnoll barely misses you.
The gnoll hits you with a +0 whip of electrocution.
The gnoll sergeant hits you but does no damage.
The gnoll hits you but does no damage.
You are poisoned.
You regained 9 hp, and now have 25/62 hp.
You feel better. The gnoll hits you with a +0 flail.
The gnoll hits you but does no damage.
You are electrocuted!!
* * * LOW HITPOINT WARNING * * *
The gnoll sergeant hits you but does no damage.
The gnoll hits you but does no damage.
You are poisoned.
You take 17 damage, and have 8/62 hp.
MASSIVE DAMAGE!!
You feel better. The gnoll hits you with a +0 flail!
* * * LOW HITPOINT WARNING * * *
The gnoll hits you but does no damage.
You are electrocuted!
You die...

.............
...........
.........#
.......<.###
...........#
..#####.##.......
###..# #######
#..g#####
#..g@g..#
#.?.)g...#
#...)o...#
....##...### ####
#.#.. #.###. #.#
.# ... .


You could see a gnoll sergeant, 3 gnolls and an orc.

Vanquished Creatures
  Duvessa (D:5)
  A black bear (D:5)
  An ice beast (D:5)
  2 ogres (D:5)
  A phantom (D:5)
  3 scorpions
  Dowan (D:5)
  A bombardier beetle (D:5)
  2 orc priests
  A jelly (D:5)
  A sleepcap (D:4)
  5 orc wizards
  7 gnolls
  4 adders
  A white imp (D:5)
  An ufetubus (D:5)
  A ribbon worm (D:2)
  10 orcs
  9 ball pythons
  5 bats
  9 endoplasms
  2 giant cockroaches
  3 goblins
  6 hobgoblins
  4 jackals (D:1)
  4 kobolds
  5 quokkas
  2 training dummies (D:5)
  3 frilled lizards
  6 rats
102 creatures vanquished.

Notes
Turn   | Place    | Note
-------+----------+-------------------------------------------
     0 | D:1      | jasper the Coglin Berserker began the quest for the Orb.
     0 | D:1      | Reached XP level 1. HP: 18/18 MP: 1/1
   309 | D:1      | Reached XP level 2. HP: 24/24 MP: 2/2
   544 | D:1      | Reached skill level 4 in Axes
   749 | D:2      | Reached XP level 3. HP: 25/29 MP: 3/3
   831 | D:2      | Found Toam's Armour Emporium.
   837 | D:2      | Bought a +0 helmet for 58 gold pieces
   837 | D:2      | Bought a +0 pair of boots for 58 gold pieces
  1164 | D:2      | Found a faded altar of an unknown god.
  1450 | D:2      | Reached ** piety under Trog
  1720 | D:3      | Reached skill level 5 in Axes
  1720 | D:3      | Reached XP level 4. HP: 35/35 MP: 4/4
  1809 | D:3      | Reached XP level 5. HP: 41/41 MP: 5/5
  2743 | D:4      | Found a hazy altar of Hepliaklqana.
  2854 | D:4      | Reached skill level 6 in Axes
  2854 | D:4      | Reached XP level 6. HP: 25/47 MP: 6/6
  3220 | D:4      | Found a shadowy altar of Dithmenos.
  3608 | D:5      | Entered Level 5 of the Dungeon
  3778 | D:5      | Found a shimmering altar of Xom.
  3787 | D:5      | Found a sacrificial altar of Ru.
  3792 | D:5      | Found a snail-covered altar of Cheibriados.
  3898 | D:5      | Reached XP level 7. HP: 42/53 MP: 7/7
  3901 | D:5      | Reached *** piety under Trog
  4542 | D:5      | Reached skill level 7 in Axes
  4569 | D:5      | Reached XP level 8. HP: 36/61 MP: 8/8
  4994 | D:5      | Noticed Duvessa
  4994 | D:5      | Noticed Dowan
  4998 | D:5      | Killed Duvessa
  4999 | D:5      | Reached skill level 5 in Fighting
  4999 | D:5      | Reached skill level 8 in Axes
  5005 | D:5      | Killed Dowan
  5297 | D:6      | Mangled by a gnoll

Illustrated notes

Levels and vault maps discovered:
D:1:      sevenhm_arrival_forest_fort_large_2, layout_loops_ring
D:2:      layout_loops_ring, hellmonk_ecumenical_altar_arch_garden,
          serial_shops, shop, minmay_small_reverse_x
D:3:      layout_loops_corners
D:4:      layout_gridville, marbit_many_paths, grunt_dithmenos_smoke_and_mirrors
D:5:      dreamdust_elfheim, layout_loops_corners, minitemple,
          columned_hall_lemuel, minmay_pentangle
D:6:      layout_rooms, zin_academy, grunt_ministairs_11, st_stairs_2,
          minivault_19, minmay_tree_intersection

Skill      XL: |  1  2  3  4  5  6  7  8 |
---------------+-------------------------+-----
Axes           | 4 5 6 7 8 |  8.2
Armour         | 2 3 4 |  4.2
Dodging        | 2 |  2.4
Fighting       | 4 5 |  5.2

Action                     |  1- 3 |  4- 6 |  7- 9 || total
---------------------------+-------+-------+-------++-------
  Melee: Dagger            |    56 |     9 |       ||    65
         Hand axe          |    53 |   211 |   142 ||   406
  Throw: Boomerang         |       |     3 |       ||     3
 Invoke: Berserk           |     1 |       |     3 ||     4
    Use: Scroll            |       |    10 |       ||    10
         Potion            |       |       |     3 ||     3
 Armour: Ring mail         |    29 |    46 |       ||    75
         Chain mail        |       |    30 |    92 ||   122
  Dodge: Dodged            |    32 |    51 |    32 ||   115

Table legend: (Time is in decaauts)
 A = Elapsed time spent in this place.
 B = Non-inter-level travel time spent in this place.
 C = Inter-level travel time spent in this place.
 D = Time resting spent in this place.
 E = Time spent auto-exploring this place.
 F = Levels seen in this place.
 G = Mean time per level.
                   A        B        C        D        E       F      G
               +--------+--------+--------+--------+--------+-----+--------+
         Total |   5331 |   5187 |    144 |    517 |   3897 |   6 |  888.5 |
       Dungeon |   5331 |   5187 |    144 |    517 |   3897 |   6 |  888.5 |
               +--------+--------+--------+--------+--------+-----+--------+

Top non-repeatable levels by time:
     D:5: 1695 daAuts
     D:4: 1072 daAuts
     D:3: 982 daAuts
     D:2: 828 daAuts
     D:1: 739 daAuts
     D:6: 14 daAuts
